WCHLSIM.com - West Coast Hockey League
html PUBLIC "-//W3C//DTD XHTML 1.0 Transitional//EN" "http://www.w3.org/TR/xhtml1/DTD/xhtml1-transitional.dtd"> WCHL - Game 170 - SAN JOSE BRONCOS vs VANCOUVER VOODOO

SAN JOSE BRONCOS vs VANCOUVER VOODOO

Created - 5 novembre 2022 at 23:02

Goals
1 2 3 T
SAN JOSE BRONCOS 0 2 1 3
VANCOUVER VOODOO 2 1 1 4
Shots
1 2 3 T
SAN JOSE BRONCOS 8 12 16 36
VANCOUVER VOODOO 15 10 10 35

1st period

1. VANCOUVER VOODOO , Patric Hornqvist 3 (Brett Kulak 2) at 2:43
2. VANCOUVER VOODOO , Patric Hornqvist 4 (Cole Sillinger 7) at 8:29

Penalties :
Adam Pelech (SJO) for Slashing (Minor) at 5:00, Radek Faksa (VAN) for Cross-checking (Minor) at 9:08, Patric Hornqvist (VAN) for Tripping (Minor) at 17:43

2nd period

3. SAN JOSE BRONCOS , Elias Lindholm 8 (Jesper Bratt 7) at 13:38
4. VANCOUVER VOODOO , Anthony Beauvillier 3 (Marcus Johansson 5, Josh Bailey 6) at 18:23
5. SAN JOSE BRONCOS , Brayden Point 5 (Ivan Barbashev 3) at 18:37

Penalties :
Ivan Barbashev (SJO) for Hooking (Minor) at 1:10, Neal Pionk (SJO) for Roughing (Minor) at 9:42

3rd period

6. VANCOUVER VOODOO , Brett Kulak 1 (Patric Hornqvist 4, Josh Anderson 2) at 4:07
7. SAN JOSE BRONCOS , Jaccob Slavin 1 (Pierre-Edouard Bellemare 4, Ivan Barbashev 4) at 10:33 (PP)

Penalties :
Patric Hornqvist (VAN) for Interference (Minor) at 4:46, Brett Kulak (VAN) for Hooking (Minor) at 10:25

Goalie Stats

Jacob Markstrom (SJO), 31 saves from 35 shots - (0,886), L, 2-5-0, 59:20 minutes
Samuel Montembeault (VAN), 33 saves from 36 shots - (0,917), W, 2-2-0, 60:00 minutes

Players Stats for SAN JOSE BRONCOS

Player Name              G  A  P  +/- PIM S  H  SB GA TA FO     MP     PP MP  PK MP  
------------------------------------------------------------------------------------
Adam Pelech              0  0  0  -1  2   1  1  1  0  0  0/0    22:19   2:48   2:11 
Brayden Point            1  0  1   0  0   9  0  0  0  0  11/19  18:35   2:56   0:20 
Cole Caufield            0  0  0   0  0   3  0  0  0  0  0/0    14:55   0:00   0:00 
Elias Lindholm           1  0  1  -1  0   5  1  0  0  0  16/24  24:18   2:56   2:51 
Ivan Barbashev           0  2  2   0  2   2  0  0  0  0  4/6    17:41   3:09   0:00 
Jaccob Slavin            1  0  1  -1  0   1  0  3  0  0  0/0    26:44   3:21   3:31 
Jacob Middleton          0  0  0   0  0   0  1  1  0  0  0/0    17:43   0:43   3:04 
Jake Evans               0  0  0   0  0   2  0  0  0  0  1/1    10:55   0:00   0:00 
Jan Rutta                0  0  0   0  0   0  0  1  0  0  0/0    12:01   0:00   0:30 
Jesper Bratt             0  1  1  -1  0   5  0  0  0  0  1/2    24:13   2:56   2:46 
Jordan Martinook         0  0  0  -1  0   0  0  0  0  0  0/1     6:48   0:00   3:11 
Justin Braun             0  0  0  -1  0   1  0  0  0  0  0/0    21:47   2:34   2:38 
Max Domi                 0  0  0  -1  0   1  0  0  0  0  4/5     3:37   0:00   0:00 
Mikael Granlund          0  0  0   0  0   1  0  0  0  0  16/22  13:41   0:00   2:46 
Neal Pionk               0  0  0  -1  2   0  0  1  0  0  0/0    19:24   2:44   0:00 
Oliver Bjorkstrand       0  0  0  -1  0   2  0  0  0  0  0/2    21:16   3:09   0:00 
Patrick Maroon           0  0  0  -1  0   2  0  0  0  0  0/0     3:59   0:00   0:00 
Pierre-Edouard Bellemare 0  1  1   0  0   1  0  0  0  0  3/6    14:04   3:09   0:00 

Players Stats for VANCOUVER VOODOO

Player Name              G  A  P  +/- PIM S  H  SB GA TA FO     MP     PP MP  PK MP  
------------------------------------------------------------------------------------
Anthony Beauvillier      1  0  1   0  0   4  3  0  0  0  0/2    19:03   2:48   0:00 
Braden Schneider         0  0  0   0  0   0  4  1  0  0  0/0    15:43   0:00   0:26 
Brendan Gallagher        0  0  0   0  0   1  0  0  0  0  0/0    10:20   0:00   0:00 
Brendan Lemieux          0  0  0   0  0   3  4  0  0  0  0/2    13:01   0:00   1:55 
Brett Kulak              1  1  2   1  2   1  2  1  0  0  0/0    21:38   2:58   2:51 
Cole Sillinger           0  1  1   2  0   2  2  0  0  0  5/24   18:16   2:48   0:00 
Denis Gurianov           0  0  0   0  0   3  2  0  0  0  0/0     8:21   2:48   0:00 
Dominik Kubalik          0  0  0   0  0   6  0  0  0  0  0/1     8:42   3:09   0:00 
Jack Ahcan               0  0  0   0  0   0  2  2  0  0  0/0    17:25   2:58   0:24 
Josh Anderson            0  1  1   2  0   2  1  0  0  0  0/1    15:04   0:00   0:00 
Josh Bailey              0  1  1   0  0   0  1  1  0  0  0/0    22:09   3:09   2:45 
Logan Stanley            0  0  0   1  0   0  11 0  0  0  0/0    19:51   0:00   2:30 
Marcus Johansson         0  1  1   0  0   3  0  0  0  0  12/27  21:08   3:09   1:44 
Matthew Grzelcyk         0  0  0   1  0   1  0  2  0  0  0/0    23:04   2:59   2:50 
Mike Reilly              0  0  0   1  0   2  2  2  0  0  0/0    22:18   2:59   3:09 
Noel Acciari             0  0  0   0  0   1  0  0  0  0  7/17   14:35   0:00   3:29 
Patric Hornqvist         2  1  3   2  4   6  1  0  0  0  1/3    16:28   0:00   1:04 
Radek Faksa              0  0  0   0  2   0  0  0  0  0  7/11    6:45   0:00   1:13 

3 Stars

1 - Patric Hornqvist (VAN)
2 - Brett Kulak (VAN)
3 - Logan Stanley (VAN)

Power Play

SAN JOSE BRONCOS - 1 on 4 Attempt(s) - 25,00%
VANCOUVER VOODOO - 0 on 3 Attempt(s) - 0,00%

Penalty Kill

SAN JOSE BRONCOS - 3 on 3 Attempt(s) - 100,00% - Score 0 goal in Penalty Kill
VANCOUVER VOODOO - 3 on 4 Attempt(s) - 75,00% - Score 0 goal in Penalty Kill

Team Stat

SAN JOSE BRONCOS - Hits : 3 - Faceoff Wins : 56 - Blocked Shots : 7 - Penalty Minutes : 6
VANCOUVER VOODOO - Hits : 35 - Faceoff Wins : 32 - Blocked Shots : 9 - Penalty Minutes : 8

Official

Referees : Graham Skilliter and Tim Mayer
Linesman : Derek Nansen and Derek Wahl

Game Notes

No Game Note

Finance

Level 1 -- Attendance: 7200 (100,00%) -- Ticket Income 1 044 000 $
Level 2 -- Attendance: 5500 (100,00%) -- Ticket Income 550 000 $
Level 3 -- Attendance: 2864 (95,47%) -- Ticket Income 194 752 $
Level 4 -- Attendance: 5866 (97,77%) -- Ticket Income 281 568 $
Luxury Box -- Attendance: 921 (92,10%) -- Ticket Income 276 300 $
Total Attendance: 22351 (98,46%)
Total Ticket Income: 2 346 620 $
Other Expense: 23 466 $
Total Income: 2 323 154 $

SAN JOSE BRONCOS

5 vs 5 Forward 
   Center                   Left Wing                Right Wing               Time % Phy DF OF 
 1 Elias Lindholm           Jesper Bratt             Oliver Bjorkstrand       36     1   2  2  
 2 Brayden Point            Ivan Barbashev           Cole Caufield            31     1   2  2  
 3 Mikael Granlund          Pierre-Edouard Bellemare Jake Evans               23     1   2  2  
 4 Max Domi                 Patrick Maroon           Jordan Martinook         10     1   2  2  

5 vs 5 Defense 
   Defense                  Defense                                           Time % Phy DF OF 
 1 Jaccob Slavin            Neal Pionk                                        36     1   2  2  
 2 Adam Pelech              Justin Braun                                      31     1   2  2  
 3 Jacob Middleton          Jan Rutta                                         23     1   2  2  
 4 Jaccob Slavin            Jacob Middleton                                   10     1   2  2  

PowerPlay Forward 
   Center                   Left Wing                Right Wing               Time % Phy DF OF 
 1 Brayden Point            Jesper Bratt             Elias Lindholm           55     1   2  2  
 2 Pierre-Edouard Bellemare Oliver Bjorkstrand       Ivan Barbashev           45     1   2  2  

PowerPlay Defense
   Defense                  Defense                                           Time % Phy DF OF 
 1 Jaccob Slavin            Adam Pelech                                       55     1   2  2  
 2 Justin Braun             Neal Pionk                                        45     1   2  2  

Penalty Kill 4 Players Forward 
   Center                   Wing                     Time % Phy DF OF 
 1 Elias Lindholm           Jordan Martinook         55     1   2  2  
 2 Mikael Granlund          Jesper Bratt             45     1   2  2  

Penalty Kill 4 Players Defense
   Defense                  Defense                  Time % Phy DF OF 
 1 Jaccob Slavin            Adam Pelech              50     1   2  2  
 2 Jacob Middleton          Justin Braun             50     1   2  2  

Penalty Kill - 3 Players Forward 
   Forward                                           Time % Phy DF OF 
 1 Elias Lindholm                                    55     1   2  2  
 2 Pierre-Edouard Bellemare                          45     1   2  2  

Penalty Kill - 3 Players Defense
   Defense                  Defense                  Time % Phy DF OF 
 1 Jaccob Slavin            Adam Pelech              50     1   2  2  
 2 Jacob Middleton          Jan Rutta                50     1   2  2  

4 vs 4 Forward 
   Center                   Wing                     Time % Phy DF OF 
 1 Jesper Bratt             Elias Lindholm           55     1   2  2  
 2 Pierre-Edouard Bellemare Brayden Point            45     1   2  2  

4 vs 4 Defense
   Defense                  Defense                  Time % Phy DF OF 
 1 Jaccob Slavin            Jacob Middleton          55     1   2  2  
 2 Jan Rutta                Adam Pelech              45     1   2  2  

Last Minutes Offensive
   Center                   Left Wing                Right Wing               Defense                  Defense                  
   Brayden Point            Jesper Bratt             Elias Lindholm           Jaccob Slavin            Adam Pelech              

Last Minutes Defensive
   Center                   Left Wing                Right Wing               Defense                  Defense                  
   Brayden Point            Jesper Bratt             Elias Lindholm           Jaccob Slavin            Adam Pelech              

Goaltenders
Starting : Jacob Markstrom          
Backup : Petr Mrazek              

Extra Forwards
Normal : Elias Lindholm, Jesper Bratt, Brayden Point - PP : Elias Lindholm, Brayden Point - PK : Elias Lindholm
Extra Defensemen
Normal : Jaccob Slavin, Jacob Middleton, Adam Pelech - PP : Jaccob Slavin - PK : Justin Braun, Jaccob Slavin
Penalty Shots
Elias Lindholm, Brayden Point, Jesper Bratt, Mikael Granlund, Oliver Bjorkstrand
Custom OT Lines Forwards
Pierre-Edouard Bellemare, Elias Lindholm, Oliver Bjorkstrand, Brayden Point, Jesper Bratt, Patrick Maroon, Cole Caufield, Jake Evans, Max Domi, Jordan Martinook
Custom OT Lines Defensemen
Jaccob Slavin, Jacob Middleton, Adam Pelech, Justin Braun, Neal Pionk

Scratches
Jake Bean (Healthy), Ondrej Kase (Healthy)

VANCOUVER VOODOO

5 vs 5 Forward 
   Center                   Left Wing                Right Wing               Time % Phy DF OF 
 1 Marcus Johansson         Anthony Beauvillier      Josh Bailey              33     2   1  2  
 2 Cole Sillinger           Josh Anderson            Patric Hornqvist         32     2   2  1  
 3 Noel Acciari             Brendan Lemieux          Brendan Gallagher        22     3   1  1  
 4 Radek Faksa              Dominik Kubalik          Denis Gurianov           13     3   1  1  

5 vs 5 Defense 
   Defense                  Defense                                           Time % Phy DF OF 
 1 Matthew Grzelcyk         Logan Stanley                                     36     1   3  1  
 2 Brett Kulak              Mike Reilly                                       34     2   1  2  
 3 Jack Ahcan               Braden Schneider                                  30     1   3  1  
 4 Matthew Grzelcyk         Mike Reilly                                       0      1   2  2  

PowerPlay Forward 
   Center                   Left Wing                Right Wing               Time % Phy DF OF 
 1 Marcus Johansson         Dominik Kubalik          Josh Bailey              55     1   0  4  
 2 Cole Sillinger           Anthony Beauvillier      Denis Gurianov           45     1   2  2  

PowerPlay Defense
   Defense                  Defense                                           Time % Phy DF OF 
 1 Matthew Grzelcyk         Mike Reilly                                       50     1   2  2  
 2 Brett Kulak              Jack Ahcan                                        50     1   1  3  

Penalty Kill 4 Players Forward 
   Center                   Wing                     Time % Phy DF OF 
 1 Noel Acciari             Patric Hornqvist         55     1   4  0  
 2 Radek Faksa              Brendan Lemieux          45     3   2  0  

Penalty Kill 4 Players Defense
   Defense                  Defense                  Time % Phy DF OF 
 1 Logan Stanley            Matthew Grzelcyk         50     1   4  0  
 2 Mike Reilly              Brett Kulak              50     2   2  1  

Penalty Kill - 3 Players Forward 
   Forward                                           Time % Phy DF OF 
 1 Noel Acciari                                      55     3   2  0  
 2 Brendan Lemieux                                   45     1   1  3  

Penalty Kill - 3 Players Defense
   Defense                  Defense                  Time % Phy DF OF 
 1 Brett Kulak              Logan Stanley            55     1   3  1  
 2 Matthew Grzelcyk         Braden Schneider         45     1   3  1  

4 vs 4 Forward 
   Center                   Wing                     Time % Phy DF OF 
 1 Radek Faksa              Josh Bailey              55     0   2  3  
 2 Cole Sillinger           Josh Anderson            45     2   2  1  

4 vs 4 Defense
   Defense                  Defense                  Time % Phy DF OF 
 1 Brett Kulak              Mike Reilly              50     1   3  1  
 2 Braden Schneider         Logan Stanley            50     2   2  1  

Last Minutes Offensive
   Center                   Left Wing                Right Wing               Defense                  Defense                  
   Cole Sillinger           Josh Anderson            Josh Bailey              Matthew Grzelcyk         Logan Stanley            

Last Minutes Defensive
   Center                   Left Wing                Right Wing               Defense                  Defense                  
   Noel Acciari             Brendan Lemieux          Patric Hornqvist         Matthew Grzelcyk         Logan Stanley            

Goaltenders
Starting : Samuel Montembeault      
Backup : Jake Allen               

Extra Forwards
Normal : Brendan Lemieux, Cole Sillinger, Anthony Beauvillier - PP : Josh Anderson, Marcus Johansson - PK : Josh Bailey
Extra Defensemen
Normal : Braden Schneider, Brett Kulak, Matthew Grzelcyk - PP : Mike Reilly - PK : Jack Ahcan, Mike Reilly
Penalty Shots
Josh Bailey, Josh Anderson, Anthony Beauvillier, Dominik Kubalik, Marcus Johansson
Custom OT Lines Forwards
Josh Bailey, Marcus Johansson, Patric Hornqvist, Josh Anderson, Anthony Beauvillier, Dominik Kubalik, Denis Gurianov, Brendan Lemieux, Cole Sillinger, Brendan Gallagher
Custom OT Lines Defensemen
Logan Stanley, Matthew Grzelcyk, Brett Kulak, Mike Reilly, Braden Schneider

Scratches
Sebastien Aho (Broken Bone (Right Ankle) Injury)

% Time on Ice - SAN JOSE BRONCOS

Lines # - Real PCT - Wanted PCT - Time Play
Normal Forward
1 - 38% - 36% - 18:07
2 - 31% - 31% - 14:33
3 - 23% - 23% - 10:55
4 - 8% - 10% - 3:37
Normal Defense
1 - 35% - 36% - 16:41
2 - 35% - 31% - 16:35
3 - 24% - 23% - 11:31
4 - 5% - 10% - 2:25
PP Forward
1 - 48% - 55% - 2:56
2 - 52% - 45% - 3:09
PP Defense
1 - 55% - 55% - 3:21
2 - 45% - 45% - 2:44
PK Forward
1 - 54% - 55% - 3:11
2 - 46% - 45% - 2:46
PK Defense
1 - 62% - 50% - 3:42
2 - 38% - 50% - 2:15
PK3 Forward
1 - 0% - 55%
2 - 0% - 45%
PK3 Defense
1 - 0% - 50%
2 - 0% - 50%
44 Forward
1 - 0% - 55%
2 - 0% - 45%
44 Defense
1 - 0% - 55%
2 - 0% - 45%
Last Minute Offensive  - 0:46
Last Minute Defensive  - 0:00
Total
Forward - 60:00
Defense - 60:00

% Time on Ice - VANCOUVER VOODOO

Lines # - Real PCT - Wanted PCT - Time Play
Normal Forward
1 - 34% - 33% - 16:15
2 - 32% - 32% - 15:04
3 - 22% - 22% - 10:20
4 - 12% - 13% - 5:33
Normal Defense
1 - 36% - 36% - 16:59
2 - 34% - 34% - 15:50
3 - 30% - 30% - 14:03
4 - 1% - 0% - 0:20
PP Forward
1 - 53% - 55% - 3:09
2 - 47% - 45% - 2:48
PP Defense
1 - 50% - 50% - 2:59
2 - 50% - 50% - 2:58
PK Forward
1 - 63% - 55% - 3:49
2 - 37% - 45% - 2:16
PK Defense
1 - 47% - 50% - 2:50
2 - 53% - 50% - 3:15
PK3 Forward
1 - 0% - 55%
2 - 0% - 45%
PK3 Defense
1 - 0% - 55%
2 - 0% - 45%
44 Forward
1 - 0% - 55%
2 - 0% - 45%
44 Defense
1 - 0% - 50%
2 - 0% - 50%
Last Minute Offensive  - 0:00
Last Minute Defensive  - 0:46
Total
Forward - 60:00
Defense - 60:00

Play-by-Play

1st period


0:01 of 1st period - Marcus Johansson wins face-off versus Elias Lindholm in neutral zone.
0:18 of 1st period - Shot by Oliver Bjorkstrand.
0:18 of 1st period - Stopped by Samuel Montembeault without a rebound.
0:19 of 1st period - Brayden Point wins face-off versus Cole Sillinger in VANCOUVER VOODOO zone.
0:20 of 1st period - Shot by Ivan Barbashev.
0:20 of 1st period - Shot Misses the Net.
0:33 of 1st period - Brayden Point is hit by Brett Kulak and loses puck.
0:50 of 1st period - Shot by Brayden Point.
0:50 of 1st period - Shot Misses the Net.
0:52 of 1st period - Shot by Adam Pelech.
0:52 of 1st period - Stopped by Samuel Montembeault without a rebound.
0:53 of 1st period - Mikael Granlund wins face-off versus Noel Acciari in VANCOUVER VOODOO zone.
0:53 of 1st period - Pierre-Edouard Bellemare is hit by Braden Schneider and loses puck.
1:24 of 1st period - Shot by Brendan Gallagher.
1:24 of 1st period - Shot Blocked by Jan Rutta.
1:26 of 1st period - Shot by Brendan Gallagher.
1:26 of 1st period - Stopped by Jacob Markstrom without a rebound.
1:27 of 1st period - Radek Faksa wins face-off versus Elias Lindholm in SAN JOSE BRONCOS zone.
1:32 of 1st period - Shot by Dominik Kubalik.
1:32 of 1st period - Stopped by Jacob Markstrom without a rebound.
1:33 of 1st period - Max Domi wins face-off versus Marcus Johansson in SAN JOSE BRONCOS zone.
1:58 of 1st period - Shot by Josh Bailey.
1:58 of 1st period - Shot Misses the Net.
2:30 of 1st period - Jesper Bratt is hit by Anthony Beauvillier and loses puck.
2:43 of 1st period - Shot by Patric Hornqvist.
2:43 of 1st period - Goal by Patric Hornqvist - SAN JOSE BRONCOS : 0 - VANCOUVER VOODOO : 1.
2:44 of 1st period - Radek Faksa wins face-off versus Brayden Point in neutral zone.
2:51 of 1st period - Shot by Denis Gurianov.
2:51 of 1st period - Stopped by Jacob Markstrom with a rebound.
2:57 of 1st period - Ivan Barbashev is hit by Denis Gurianov and loses puck.
3:20 of 1st period - Shot by Cole Caufield.
3:20 of 1st period - Stopped by Samuel Montembeault without a rebound.
3:21 of 1st period - Jesper Bratt wins face-off versus Cole Sillinger in VANCOUVER VOODOO zone.
3:29 of 1st period - Off-side.
3:30 of 1st period - Elias Lindholm wins face-off versus Noel Acciari in neutral zone.
4:28 of 1st period - Adam Pelech is hit by Jack Ahcan and loses puck.
4:46 of 1st period - Josh Anderson is hit by Adam Pelech and loses puck.
5:00 of 1st period - Minor Penalty to Adam Pelech for Slashing.
5:01 of 1st period - Elias Lindholm wins face-off versus Marcus Johansson in SAN JOSE BRONCOS zone.
5:34 of 1st period - Shot by Dominik Kubalik.
5:34 of 1st period - Stopped by Jacob Markstrom with a rebound.
5:36 of 1st period - Shot by Mike Reilly.
5:36 of 1st period - Stopped by Jacob Markstrom with a rebound.
6:15 of 1st period - Shot by Denis Gurianov.
6:15 of 1st period - Stopped by Jacob Markstrom without a rebound.
6:16 of 1st period - Mikael Granlund wins face-off versus Marcus Johansson in SAN JOSE BRONCOS zone.
6:36 of 1st period - Shot by Josh Bailey.
6:36 of 1st period - Deflect By Dominik Kubalik.
6:36 of 1st period - Stopped by Jacob Markstrom without a rebound.
6:37 of 1st period - Mikael Granlund wins face-off versus Cole Sillinger in SAN JOSE BRONCOS zone.
6:46 of 1st period - Shot by Denis Gurianov.
6:46 of 1st period - Deflect By Cole Sillinger.
6:46 of 1st period - Shot Misses the Net.
6:53 of 1st period - Icing by Anthony Beauvillier.
6:54 of 1st period - Elias Lindholm wins face-off versus Anthony Beauvillier in VANCOUVER VOODOO zone.
7:17 of 1st period - Shot by Cole Caufield.
7:17 of 1st period - Deflect By Brayden Point.
7:17 of 1st period - Stopped by Samuel Montembeault without a rebound.
7:18 of 1st period - Mikael Granlund wins face-off versus Marcus Johansson in VANCOUVER VOODOO zone.
8:00 of 1st period - Shot by Josh Bailey.
8:00 of 1st period - Shot Misses the Net.
8:03 of 1st period - Icing by Jacob Middleton.
8:04 of 1st period - Jake Evans wins face-off versus Cole Sillinger in SAN JOSE BRONCOS zone.
8:29 of 1st period - Shot by Patric Hornqvist.
8:29 of 1st period - Goal by Patric Hornqvist - SAN JOSE BRONCOS : 0 - VANCOUVER VOODOO : 2.
8:30 of 1st period - Brayden Point wins face-off versus Radek Faksa in neutral zone.
8:57 of 1st period - Cole Caufield is hit by Braden Schneider and loses puck.
9:08 of 1st period - Minor Penalty to Radek Faksa for Cross-checking.
9:09 of 1st period - Noel Acciari wins face-off versus Brayden Point in VANCOUVER VOODOO zone.
11:17 of 1st period - Radek Faksa is hit by Jacob Middleton and loses puck.
11:22 of 1st period - Shot by Dominik Kubalik.
11:22 of 1st period - Stopped by Jacob Markstrom without a rebound.
11:23 of 1st period - Mikael Granlund wins face-off versus Cole Sillinger in SAN JOSE BRONCOS zone.
11:23 of 1st period - Mikael Granlund is hit by Josh Anderson.
12:21 of 1st period - Off-side.
12:22 of 1st period - Elias Lindholm wins face-off versus Noel Acciari in neutral zone.
12:22 of 1st period - Oliver Bjorkstrand is hit by Brendan Lemieux and loses puck.
12:43 of 1st period - Shot by Brendan Gallagher.
12:43 of 1st period - Shot Hit the Post.
13:19 of 1st period - Shot by Brayden Point.
13:19 of 1st period - Shot Blocked by Brett Kulak.
13:29 of 1st period - Shot by Brayden Point.
13:29 of 1st period - Stopped by Samuel Montembeault without a rebound.
13:30 of 1st period - Max Domi wins face-off versus Radek Faksa in VANCOUVER VOODOO zone.
13:39 of 1st period - Off-side.
13:40 of 1st period - Marcus Johansson wins face-off versus Brayden Point in neutral zone.
14:38 of 1st period - Shot by Brendan Lemieux.
14:38 of 1st period - Stopped by Jacob Markstrom without a rebound.
14:39 of 1st period - Elias Lindholm wins face-off versus Cole Sillinger in SAN JOSE BRONCOS zone.
15:38 of 1st period - Shot by Brendan Lemieux.
15:38 of 1st period - Stopped by Jacob Markstrom without a rebound.
15:39 of 1st period - Marcus Johansson wins face-off versus Mikael Granlund in SAN JOSE BRONCOS zone.
15:40 of 1st period - Shot by Anthony Beauvillier.
15:40 of 1st period - Stopped by Jacob Markstrom without a rebound.
15:41 of 1st period - Brayden Point wins face-off versus Anthony Beauvillier in SAN JOSE BRONCOS zone.
16:04 of 1st period - Shot by Ivan Barbashev.
16:04 of 1st period - Stopped by Samuel Montembeault without a rebound.
16:05 of 1st period - Mikael Granlund wins face-off versus Noel Acciari in VANCOUVER VOODOO zone.
16:05 of 1st period - Pierre-Edouard Bellemare is hit by Logan Stanley.
16:55 of 1st period - Shot by Marcus Johansson.
16:55 of 1st period - Stopped by Jacob Markstrom without a rebound.
16:56 of 1st period - Marcus Johansson wins face-off versus Elias Lindholm in SAN JOSE BRONCOS zone.
17:13 of 1st period - Shot by Oliver Bjorkstrand.
17:13 of 1st period - Stopped by Samuel Montembeault with a rebound.
17:31 of 1st period - Shot by Anthony Beauvillier.
17:31 of 1st period - Shot Blocked by Jaccob Slavin.
17:33 of 1st period - Shot by Josh Bailey.
17:33 of 1st period - Shot Blocked by Jaccob Slavin.
17:37 of 1st period - Shot by Anthony Beauvillier.
17:37 of 1st period - Stopped by Jacob Markstrom without a rebound.
17:38 of 1st period - Brayden Point wins face-off versus Patric Hornqvist in SAN JOSE BRONCOS zone.
17:38 of 1st period - Brayden Point is hit by Patric Hornqvist.
17:43 of 1st period - Minor Penalty to Patric Hornqvist for Tripping.
17:44 of 1st period - Noel Acciari wins face-off versus Pierre-Edouard Bellemare in VANCOUVER VOODOO zone.
17:50 of 1st period - Icing by Jaccob Slavin.
17:51 of 1st period - Noel Acciari wins face-off versus Pierre-Edouard Bellemare in SAN JOSE BRONCOS zone.
18:33 of 1st period - Icing by Pierre-Edouard Bellemare.
18:34 of 1st period - Radek Faksa wins face-off versus Pierre-Edouard Bellemare in SAN JOSE BRONCOS zone.
19:07 of 1st period - Shot by Elias Lindholm.
19:07 of 1st period - Stopped by Samuel Montembeault without a rebound.
19:08 of 1st period - Radek Faksa wins face-off versus Brayden Point in VANCOUVER VOODOO zone.
19:46 of 1st period - Shot by Jesper Bratt.
19:46 of 1st period - Shot Misses the Net.
19:48 of 1st period - Shot by Jacob Middleton.
19:48 of 1st period - Shot Misses the Net.
19:50 of 1st period - Shot by Patrick Maroon.
19:50 of 1st period - Shot Misses the Net.
Goals for this period are 0 for SAN JOSE BRONCOS vs 2 for VANCOUVER VOODOO.
Shots for this period are 8 for SAN JOSE BRONCOS vs 15 for VANCOUVER VOODOO.

2nd period


0:01 of 2nd period - Cole Sillinger wins face-off versus Oliver Bjorkstrand in neutral zone.
0:14 of 2nd period - Shot by Patric Hornqvist.
0:14 of 2nd period - Shot Misses the Net.
0:47 of 2nd period - Elias Lindholm is hit by Logan Stanley and loses puck.
1:03 of 2nd period - Icing by Adam Pelech.
1:04 of 2nd period - Brayden Point wins face-off versus Marcus Johansson in SAN JOSE BRONCOS zone.
1:10 of 2nd period - Minor Penalty to Ivan Barbashev for Hooking.
1:11 of 2nd period - Elias Lindholm wins face-off versus Marcus Johansson in SAN JOSE BRONCOS zone.
1:34 of 2nd period - Shot by Dominik Kubalik.
1:34 of 2nd period - Stopped by Jacob Markstrom without a rebound.
1:35 of 2nd period - Mikael Granlund wins face-off versus Cole Sillinger in SAN JOSE BRONCOS zone.
1:35 of 2nd period - Mikael Granlund is hit by Cole Sillinger.
3:24 of 2nd period - Icing by Brendan Gallagher.
3:25 of 2nd period - Ivan Barbashev wins face-off versus Noel Acciari in VANCOUVER VOODOO zone.
4:05 of 2nd period - Shot by Radek Faksa.
4:05 of 2nd period - Deflect By Dominik Kubalik.
4:05 of 2nd period - Stopped by Jacob Markstrom with a rebound.
4:07 of 2nd period - Shot by Mike Reilly.
4:07 of 2nd period - Stopped by Jacob Markstrom without a rebound.
4:08 of 2nd period - Marcus Johansson wins face-off versus Max Domi in SAN JOSE BRONCOS zone.
4:27 of 2nd period - Shot by Patrick Maroon.
4:27 of 2nd period - Stopped by Samuel Montembeault without a rebound.
4:28 of 2nd period - Elias Lindholm wins face-off versus Cole Sillinger in VANCOUVER VOODOO zone.
4:28 of 2nd period - Jesper Bratt is hit by Mike Reilly and loses puck.
4:47 of 2nd period - Shot by Josh Anderson.
4:47 of 2nd period - Shot Blocked by Neal Pionk.
4:49 of 2nd period - Shot by Brett Kulak.
4:49 of 2nd period - Shot Misses the Net.
4:51 of 2nd period - Shot by Patric Hornqvist.
4:51 of 2nd period - Deflect By Josh Anderson.
4:51 of 2nd period - Stopped by Jacob Markstrom without a rebound.
4:52 of 2nd period - Ivan Barbashev wins face-off versus Marcus Johansson in SAN JOSE BRONCOS zone.
5:03 of 2nd period - Shot by Ivan Barbashev.
5:03 of 2nd period - Deflect By Cole Caufield.
5:03 of 2nd period - Shot Misses the Net.
5:21 of 2nd period - Shot by Brayden Point.
5:21 of 2nd period - Stopped by Samuel Montembeault without a rebound.
5:22 of 2nd period - Elias Lindholm wins face-off versus Cole Sillinger in VANCOUVER VOODOO zone.
5:51 of 2nd period - Shot by Jesper Bratt.
5:51 of 2nd period - Stopped by Samuel Montembeault with a rebound.
6:31 of 2nd period - Brayden Point is hit by Anthony Beauvillier and loses puck.
7:30 of 2nd period - Off-side.
7:31 of 2nd period - Max Domi wins face-off versus Noel Acciari in neutral zone.
7:41 of 2nd period - Icing by Logan Stanley.
7:42 of 2nd period - Noel Acciari wins face-off versus Oliver Bjorkstrand in VANCOUVER VOODOO zone.
8:12 of 2nd period - Icing by Logan Stanley.
8:13 of 2nd period - Mikael Granlund wins face-off versus Noel Acciari in VANCOUVER VOODOO zone.
8:39 of 2nd period - Shot by Jake Evans.
8:39 of 2nd period - Stopped by Samuel Montembeault without a rebound.
8:40 of 2nd period - Marcus Johansson wins face-off versus Jesper Bratt in VANCOUVER VOODOO zone.
8:40 of 2nd period - Marcus Johansson is hit by Elias Lindholm.
9:11 of 2nd period - Oliver Bjorkstrand is hit by Braden Schneider and loses puck.
9:42 of 2nd period - Minor Penalty to Neal Pionk for Roughing.
9:43 of 2nd period - Brayden Point wins face-off versus Cole Sillinger in SAN JOSE BRONCOS zone.
10:16 of 2nd period - Shot by Matthew Grzelcyk.
10:16 of 2nd period - Stopped by Jacob Markstrom without a rebound.
10:17 of 2nd period - Marcus Johansson wins face-off versus Mikael Granlund in SAN JOSE BRONCOS zone.
10:18 of 2nd period - Shot by Josh Bailey.
10:18 of 2nd period - Shot Misses the Net.
10:40 of 2nd period - Shot by Josh Bailey.
10:40 of 2nd period - Deflect By Dominik Kubalik.
10:40 of 2nd period - Shot Misses the Net.
10:42 of 2nd period - Shot by Marcus Johansson.
10:42 of 2nd period - Stopped by Jacob Markstrom without a rebound.
10:43 of 2nd period - Elias Lindholm wins face-off versus Cole Sillinger in SAN JOSE BRONCOS zone.
10:56 of 2nd period - Jordan Martinook is hit by Cole Sillinger and loses puck.
11:05 of 2nd period - Shot by Cole Sillinger.
11:05 of 2nd period - Shot Misses the Net.
11:07 of 2nd period - Shot by Mike Reilly.
11:07 of 2nd period - Shot Blocked by Jaccob Slavin.
11:09 of 2nd period - Shot by Matthew Grzelcyk.
11:09 of 2nd period - Shot Blocked by Adam Pelech.
11:11 of 2nd period - Shot by Cole Sillinger.
11:11 of 2nd period - Shot Misses the Net.
11:33 of 2nd period - Shot by Marcus Johansson.
11:33 of 2nd period - Stopped by Jacob Markstrom without a rebound.
11:34 of 2nd period - Mikael Granlund wins face-off versus Marcus Johansson in SAN JOSE BRONCOS zone.
11:57 of 2nd period - Shot by Cole Caufield.
11:57 of 2nd period - Stopped by Samuel Montembeault without a rebound.
11:58 of 2nd period - Mikael Granlund wins face-off versus Dominik Kubalik in VANCOUVER VOODOO zone.
12:28 of 2nd period - Icing by Mikael Granlund.
12:29 of 2nd period - Mikael Granlund wins face-off versus Cole Sillinger in SAN JOSE BRONCOS zone.
13:07 of 2nd period - Shot by Oliver Bjorkstrand.
13:07 of 2nd period - Shot Blocked by Jack Ahcan.
13:09 of 2nd period - Shot by Jesper Bratt.
13:09 of 2nd period - Stopped by Samuel Montembeault with a rebound.
13:11 of 2nd period - Shot by Elias Lindholm.
13:11 of 2nd period - Stopped by Samuel Montembeault without a rebound.
13:12 of 2nd period - Brayden Point wins face-off versus Marcus Johansson in VANCOUVER VOODOO zone.
13:21 of 2nd period - Shot by Cole Caufield.
13:21 of 2nd period - Stopped by Samuel Montembeault without a rebound.
13:22 of 2nd period - Marcus Johansson wins face-off versus Elias Lindholm in VANCOUVER VOODOO zone.
13:31 of 2nd period - Elias Lindholm is hit by Logan Stanley and loses puck.
13:38 of 2nd period - Shot by Elias Lindholm.
13:38 of 2nd period - Goal by Elias Lindholm - SAN JOSE BRONCOS : 1 - VANCOUVER VOODOO : 2.
13:39 of 2nd period - Radek Faksa wins face-off versus Brayden Point in neutral zone.
13:52 of 2nd period - Shot by Denis Gurianov.
13:52 of 2nd period - Stopped by Jacob Markstrom without a rebound.
13:53 of 2nd period - Elias Lindholm wins face-off versus Cole Sillinger in SAN JOSE BRONCOS zone.
14:10 of 2nd period - Icing by Jesper Bratt.
14:11 of 2nd period - Elias Lindholm wins face-off versus Marcus Johansson in SAN JOSE BRONCOS zone.
14:22 of 2nd period - Shot by Oliver Bjorkstrand.
14:22 of 2nd period - Shot Blocked by Mike Reilly.
14:24 of 2nd period - Shot by Neal Pionk.
14:24 of 2nd period - Shot Hit the Post.
14:26 of 2nd period - Shot by Jesper Bratt.
14:26 of 2nd period - Stopped by Samuel Montembeault without a rebound.
14:27 of 2nd period - Brayden Point wins face-off versus Josh Anderson in VANCOUVER VOODOO zone.
14:38 of 2nd period - Shot by Cole Sillinger.
14:38 of 2nd period - Deflect By Josh Anderson.
14:38 of 2nd period - Shot Misses the Net.
14:45 of 2nd period - Brayden Point is hit by Logan Stanley and loses puck.
14:51 of 2nd period - Brayden Point is hit by Logan Stanley and loses puck.
15:01 of 2nd period - Icing by Patric Hornqvist.
15:02 of 2nd period - Elias Lindholm wins face-off versus Cole Sillinger in VANCOUVER VOODOO zone.
15:07 of 2nd period - Shot by Jesper Bratt.
15:07 of 2nd period - Shot Misses the Net.
16:20 of 2nd period - Shot by Brendan Lemieux.
16:20 of 2nd period - Shot Misses the Net.
16:22 of 2nd period - Shot by Brendan Lemieux.
16:22 of 2nd period - Stopped by Jacob Markstrom without a rebound.
16:23 of 2nd period - Radek Faksa wins face-off versus Brayden Point in SAN JOSE BRONCOS zone.
16:50 of 2nd period - Shot by Brayden Point.
16:50 of 2nd period - Shot Misses the Net.
17:00 of 2nd period - Shot by Cole Caufield.
17:00 of 2nd period - Shot Misses the Net.
17:02 of 2nd period - Shot by Jacob Middleton.
17:02 of 2nd period - Shot Blocked by Braden Schneider.
17:04 of 2nd period - Shot by Jacob Middleton.
17:04 of 2nd period - Shot Blocked by Jack Ahcan.
17:37 of 2nd period - Icing by Adam Pelech.
17:38 of 2nd period - Cole Sillinger wins face-off versus Mikael Granlund in SAN JOSE BRONCOS zone.
17:49 of 2nd period - Shot by Jake Evans.
17:49 of 2nd period - Stopped by Samuel Montembeault without a rebound.
17:50 of 2nd period - Marcus Johansson wins face-off versus Jordan Martinook in VANCOUVER VOODOO zone.
18:23 of 2nd period - Shot by Marcus Johansson.
18:23 of 2nd period - Deflect By Anthony Beauvillier.
18:23 of 2nd period - Goal by Anthony Beauvillier - SAN JOSE BRONCOS : 1 - VANCOUVER VOODOO : 3.
18:24 of 2nd period - Cole Sillinger wins face-off versus Brayden Point in neutral zone.
18:37 of 2nd period - Shot by Brayden Point.
18:37 of 2nd period - Goal by Brayden Point - SAN JOSE BRONCOS : 2 - VANCOUVER VOODOO : 3.
18:38 of 2nd period - Noel Acciari wins face-off versus Elias Lindholm in neutral zone.
19:34 of 2nd period - Justin Braun is hit by Brendan Lemieux and loses puck.
Goals for this period are 2 for SAN JOSE BRONCOS vs 1 for VANCOUVER VOODOO.
Shots for this period are 12 for SAN JOSE BRONCOS vs 10 for VANCOUVER VOODOO.

3rd period


0:01 of 3rd period - Marcus Johansson wins face-off versus Ivan Barbashev in neutral zone.
1:00 of 3rd period - Shot by Josh Anderson.
1:00 of 3rd period - Shot Blocked by Jacob Middleton.
1:14 of 3rd period - Shot by Cole Sillinger.
1:14 of 3rd period - Shot Hit the Post.
1:22 of 3rd period - Shot by Cole Sillinger.
1:22 of 3rd period - Stopped by Jacob Markstrom without a rebound.
1:23 of 3rd period - Noel Acciari wins face-off versus Mikael Granlund in SAN JOSE BRONCOS zone.
1:41 of 3rd period - Icing by Jack Ahcan.
1:42 of 3rd period - Elias Lindholm wins face-off versus Brendan Lemieux in VANCOUVER VOODOO zone.
2:11 of 3rd period - Shot by Jesper Bratt.
2:11 of 3rd period - Shot Misses the Net.
2:13 of 3rd period - Shot by Elias Lindholm.
2:13 of 3rd period - Shot Misses the Net.
2:46 of 3rd period - Icing by Neal Pionk.
2:47 of 3rd period - Cole Sillinger wins face-off versus Mikael Granlund in SAN JOSE BRONCOS zone.
2:51 of 3rd period - Icing by Neal Pionk.
2:52 of 3rd period - Mikael Granlund wins face-off versus Marcus Johansson in SAN JOSE BRONCOS zone.
3:54 of 3rd period - Brayden Point is hit by Anthony Beauvillier and loses puck.
4:05 of 3rd period - Shot by Patric Hornqvist.
4:05 of 3rd period - Stopped by Jacob Markstrom with a rebound.
4:07 of 3rd period - Shot by Brett Kulak.
4:07 of 3rd period - Goal by Brett Kulak - SAN JOSE BRONCOS : 2 - VANCOUVER VOODOO : 4.
4:08 of 3rd period - Patric Hornqvist wins face-off versus Elias Lindholm in neutral zone.
4:23 of 3rd period - Shot by Cole Sillinger.
4:23 of 3rd period - Shot Hit the Post.
4:25 of 3rd period - Shot by Patric Hornqvist.
4:25 of 3rd period - Deflect By Josh Anderson.
4:25 of 3rd period - Stopped by Jacob Markstrom with a rebound.
4:31 of 3rd period - Shot by Patric Hornqvist.
4:31 of 3rd period - Shot Misses the Net.
4:33 of 3rd period - Shot by Patric Hornqvist.
4:33 of 3rd period - Shot Misses the Net.
4:46 of 3rd period - Minor Penalty to Patric Hornqvist for Interference.
4:47 of 3rd period - Pierre-Edouard Bellemare wins face-off versus Marcus Johansson in VANCOUVER VOODOO zone.
6:24 of 3rd period - Shot by Ivan Barbashev.
6:24 of 3rd period - Stopped by Samuel Montembeault without a rebound.
6:25 of 3rd period - Pierre-Edouard Bellemare wins face-off versus Noel Acciari in VANCOUVER VOODOO zone.
6:46 of 3rd period - Pierre-Edouard Bellemare is hit by Jack Ahcan and loses puck.
7:04 of 3rd period - Shot by Max Domi.
7:04 of 3rd period - Stopped by Samuel Montembeault without a rebound.
7:05 of 3rd period - Ivan Barbashev wins face-off versus Radek Faksa in VANCOUVER VOODOO zone.
7:14 of 3rd period - Shot by Cole Caufield.
7:14 of 3rd period - Deflect By Brayden Point.
7:14 of 3rd period - Stopped by Samuel Montembeault with a rebound.
7:35 of 3rd period - Off-side.
7:36 of 3rd period - Max Domi wins face-off versus Cole Sillinger in neutral zone.
7:58 of 3rd period - Shot by Patric Hornqvist.
7:58 of 3rd period - Stopped by Jacob Markstrom without a rebound.
7:59 of 3rd period - Elias Lindholm wins face-off versus Marcus Johansson in SAN JOSE BRONCOS zone.
7:59 of 3rd period - Elias Lindholm is hit by Josh Bailey.
8:30 of 3rd period - Shot by Elias Lindholm.
8:30 of 3rd period - Stopped by Samuel Montembeault with a rebound.
8:33 of 3rd period - Icing by Mike Reilly.
8:34 of 3rd period - Ivan Barbashev wins face-off versus Marcus Johansson in VANCOUVER VOODOO zone.
8:43 of 3rd period - Shot by Brayden Point.
8:43 of 3rd period - Stopped by Samuel Montembeault without a rebound.
8:44 of 3rd period - Mikael Granlund wins face-off versus Cole Sillinger in VANCOUVER VOODOO zone.
8:49 of 3rd period - Shot by Jake Evans.
8:49 of 3rd period - Shot Misses the Net.
9:07 of 3rd period - Shot by Cole Sillinger.
9:07 of 3rd period - Shot Misses the Net.
9:15 of 3rd period - Shot by Patric Hornqvist.
9:15 of 3rd period - Stopped by Jacob Markstrom without a rebound.
9:16 of 3rd period - Marcus Johansson wins face-off versus Ivan Barbashev in SAN JOSE BRONCOS zone.
9:32 of 3rd period - Shot by Brayden Point.
9:32 of 3rd period - Shot Misses the Net.
9:48 of 3rd period - Shot by Brayden Point.
9:48 of 3rd period - Stopped by Samuel Montembeault without a rebound.
9:49 of 3rd period - Noel Acciari wins face-off versus Elias Lindholm in VANCOUVER VOODOO zone.
10:25 of 3rd period - Minor Penalty to Brett Kulak for Hooking.
10:26 of 3rd period - Pierre-Edouard Bellemare wins face-off versus Patric Hornqvist in VANCOUVER VOODOO zone.
10:27 of 3rd period - Shot by Ivan Barbashev.
10:27 of 3rd period - Shot Blocked by Matthew Grzelcyk.
10:29 of 3rd period - Shot by Jaccob Slavin.
10:29 of 3rd period - Shot Misses the Net.
10:31 of 3rd period - Shot by Pierre-Edouard Bellemare.
10:31 of 3rd period - Shot Blocked by Matthew Grzelcyk.
10:33 of 3rd period - Shot by Jaccob Slavin.
10:33 of 3rd period - Goal by Jaccob Slavin - SAN JOSE BRONCOS : 3 - VANCOUVER VOODOO : 4.
10:34 of 3rd period - Marcus Johansson wins face-off versus Brayden Point in neutral zone.
11:47 of 3rd period - Shot by Elias Lindholm.
11:47 of 3rd period - Stopped by Samuel Montembeault without a rebound.
11:48 of 3rd period - Mikael Granlund wins face-off versus Cole Sillinger in VANCOUVER VOODOO zone.
12:11 of 3rd period - Icing by Justin Braun.
12:12 of 3rd period - Mikael Granlund wins face-off versus Radek Faksa in SAN JOSE BRONCOS zone.
12:12 of 3rd period - Mikael Granlund is hit by Denis Gurianov.
12:33 of 3rd period - Shot by Mikael Granlund.
12:33 of 3rd period - Shot Misses the Net.
12:35 of 3rd period - Shot by Pierre-Edouard Bellemare.
12:35 of 3rd period - Stopped by Samuel Montembeault with a rebound.
12:37 of 3rd period - Shot by Justin Braun.
12:37 of 3rd period - Stopped by Samuel Montembeault without a rebound.
12:38 of 3rd period - Elias Lindholm wins face-off versus Cole Sillinger in VANCOUVER VOODOO zone.
12:52 of 3rd period - Elias Lindholm is hit by Mike Reilly and loses puck.
13:00 of 3rd period - Oliver Bjorkstrand is hit by Brett Kulak and loses puck.
13:05 of 3rd period - Shot by Jesper Bratt.
13:05 of 3rd period - Stopped by Samuel Montembeault with a rebound.
13:11 of 3rd period - Shot by Jesper Bratt.
13:11 of 3rd period - Stopped by Samuel Montembeault with a rebound.
14:00 of 3rd period - Cole Caufield is hit by Braden Schneider and loses puck.
14:16 of 3rd period - Shot by Anthony Beauvillier.
14:16 of 3rd period - Stopped by Jacob Markstrom without a rebound.
14:17 of 3rd period - Mikael Granlund wins face-off versus Brendan Lemieux in SAN JOSE BRONCOS zone.
14:17 of 3rd period - Jake Evans is hit by Brendan Lemieux and loses puck.
14:23 of 3rd period - Adam Pelech is hit by Logan Stanley and loses puck.
14:27 of 3rd period - Pierre-Edouard Bellemare is hit by Logan Stanley and loses puck.
14:37 of 3rd period - Mikael Granlund is hit by Logan Stanley and loses puck.
14:43 of 3rd period - Mikael Granlund is hit by Logan Stanley and loses puck.
14:47 of 3rd period - Pierre-Edouard Bellemare is hit by Logan Stanley and loses puck.
14:55 of 3rd period - Mikael Granlund is hit by Logan Stanley.
15:01 of 3rd period - Shot by Mikael Granlund.
15:01 of 3rd period - Stopped by Samuel Montembeault without a rebound.
15:02 of 3rd period - Elias Lindholm wins face-off versus Marcus Johansson in VANCOUVER VOODOO zone.
15:03 of 3rd period - Shot by Oliver Bjorkstrand.
15:03 of 3rd period - Shot Blocked by Josh Bailey.
16:00 of 3rd period - Shot by Brayden Point.
16:00 of 3rd period - Stopped by Samuel Montembeault without a rebound.
16:01 of 3rd period - Brayden Point wins face-off versus Cole Sillinger in VANCOUVER VOODOO zone.
16:34 of 3rd period - Shot by Patric Hornqvist.
16:34 of 3rd period - Shot Misses the Net.
16:38 of 3rd period - Shot by Cole Sillinger.
16:38 of 3rd period - Stopped by Jacob Markstrom without a rebound.
16:39 of 3rd period - Radek Faksa wins face-off versus Mikael Granlund in SAN JOSE BRONCOS zone.
17:54 of 3rd period - Shot by Brayden Point.
17:54 of 3rd period - Shot Blocked by Mike Reilly.
18:00 of 3rd period - Shot by Brayden Point.
18:00 of 3rd period - Stopped by Samuel Montembeault without a rebound.
18:01 of 3rd period - Cole Sillinger wins face-off versus Elias Lindholm in VANCOUVER VOODOO zone.
18:15 of 3rd period - Shot by Patric Hornqvist.
18:15 of 3rd period - Stopped by Jacob Markstrom with a rebound.
19:13 of 3rd period - Shot by Noel Acciari.
19:13 of 3rd period - Stopped by Jacob Markstrom without a rebound.
19:14 of 3rd period - Brayden Point wins face-off versus Noel Acciari in SAN JOSE BRONCOS zone.
19:14 of 3rd period - Brayden Point is hit by Brendan Lemieux.
19:20 of 3rd period - SAN JOSE BRONCOS, Jacob Markstrom is pulled from the net.
19:24 of 3rd period - Shot by Jaccob Slavin.
19:24 of 3rd period - Deflect By Brayden Point.
19:24 of 3rd period - Shot Misses the Net.
19:35 of 3rd period - Shot by Patrick Maroon.
19:35 of 3rd period - Stopped by Samuel Montembeault without a rebound.
19:36 of 3rd period - Brayden Point wins face-off versus Noel Acciari in VANCOUVER VOODOO zone.
Goals for this period are 1 for SAN JOSE BRONCOS vs 1 for VANCOUVER VOODOO.
Shots for this period are 16 for SAN JOSE BRONCOS vs 10 for VANCOUVER VOODOO.


OWEN
TIPPETT
GUSTAV
FORSLING
MATTHEW
BOLDY

EAST COAST

HOCKEY LEAGUE

  • 67.PIT4RHI2
  • 68.ATL5WOR3
  • 69.QUECHW
  • 70.CHATRV